Map: Kairos Junction LE

Players

DnS

  • Race: Protoss Protoss
  • League: Grandmaster
  • Spawn Location: 5:00

HeroMarine - Winner!

  • Race: Terran Terran
  • League: Master
  • Spawn Location: 11:00

Event: IEM Season 13 - Katowice Server Qualifiers Europe

VOD

Have the link to the VOD?

Description

Time

  • Played on: Jan. 8, 2019, 9:39 a.m.
  • Length: 8:27

All games in this series

Show
View Real Time Build Order
Export as new Build Order

DnS Protoss 

Build Orders: 1 Gate Expand, Oracle Opening 

Get SALT Encoding   

  12  0:00  Probe  
  13  0:12  Probe  
  14  0:17  Pylon  
  14  0:24  Probe  
  15  0:32  Probe  
  15  0:38  Gateway  
  15  0:40  Probe  
  16  0:46  Assimilator  
  17  0:51  Probe  
  18  1:03  Probe  
  19  1:15  Probe  
  20  1:24  Cybernetics Core  
  20  1:34  Nexus  
  20  1:37  Probe  
  21  1:44  Pylon  
  21  1:52  Probe  
  21  1:53  Adept  
  22  1:55  Assimilator  
  22  2:04  Probe  
  25  2:13  Adept  
  25  2:16  Probe  
  28  2:24  Stargate  
  28  2:28  Probe  
  28  2:33  Warp Gate  
  28  2:40  Probe  
  28  2:42  Probe  
  29  2:49  Adept  
  29  2:50  Probe  
  32  2:52  Probe  
  34  3:00  Oracle, Probe  
  34  3:04  Probe  
  36  3:12  Probe  
  40  3:17  Probe  
  41  3:24  Probe  
  42  3:27  Pylon  
  42  3:29  Probe  
  43  3:36  Probe  
  43  3:38  Gateway x2  
  43  3:41  Probe  
  45  3:43  Oracle  
  48  3:49  Pylon  
  48  3:50  Probe  
  48  3:54  Probe  
  50  4:02  Probe  
  51  4:06  Probe  
  52  4:12  Nexus, Phoenix  
  52  4:14  Probe  
  53  4:18  Probe  
  53  4:24  Pylon  
  56  4:31  Assimilator  
  57  4:34  Assimilator  
  57  4:36  Adept x2  
  57  4:38  Adept  
  62  4:41  Phoenix  
  62  4:43  Pylon  
  62  4:44  Probe  
  65  4:45  Probe  
  66  4:58  Twilight Council  
  66  4:59  Probe x2  
  68  5:00  Forge  
  68  5:06  Protoss Ground Weapons Level 1  
  68  5:07  Resonating Glaives  
  68  5:11  Probe x2  
  68  5:12  Pylon  
  70  5:16  Sentry x2  
  74  5:23  Probe x2  
  74  5:26  Probe  
  77  5:35  Probe  
  78  5:39  Probe  
  78  5:41  Gateway  
  78  5:42  Sentry, Gateway  
  81  5:48  Probe  
  82  5:53  Probe, Gateway  
  82  5:54  Sentry, Gateway  
  82  5:55  Probe  
  86  5:59  Gateway  
  86  6:00  Probe  
  86  6:01  Adept  
  89  6:04  Pylon  
  89  6:05  Probe  
  89  6:07  Probe  
  91  6:12  Robotics Facility, Probe  
  91  6:15  Stalker  
  91  6:17  Stalker  
  96  6:19  Pylon  
  96  6:20  Probe  
  96  6:24  Adept  
  96  6:25  Probe  
  100  6:27  Photon Cannon  
  100  6:30  Probe  
  101  6:36  Probe  
  101  6:39  Assimilator  
  102  6:40  Pylon  
  102  6:42  Assimilator  
  103  6:47  Probe x2  
  104  6:54  Adept  
  104  6:55  Adept  
  108  7:03  Robotics Bay  
  108  7:08  Robotics Facility  
  108  7:10  Immortal  
  108  7:12  Adept x2  
  108  7:15  Pylon  
  116  7:17  Probe  
  116  7:18  Probe  
  118  7:23  Photon Cannon, Pylon  
  118  7:25  Shield Battery  
  118  7:27  Pylon  
  118  7:39  Adept x7  
  132  7:46  Pylon  
  132  7:48  Pylon  
  132  7:49  Pylon  
  136  8:00  Adept x3  
  140  8:12  Adept x5  
  108  8:24  Adept x3  
Show
View Real Time Build Order
Export as new Build Order

HeroMarine Terran - Winner!

Build Orders: Gas First Reaper Expand 

Get SALT Encoding   

  12  0:00  SCV  
  13  0:12  SCV  
  14  0:17  Supply Depot  
  14  0:24  SCV  
  14  0:27  Refinery  
  15  0:39  SCV  
  16  0:44  Barracks  
  16  0:51  SCV  
  17  1:03  SCV  
  18  1:15  SCV  
  19  1:30  Reaper, Orbital Command  
  20  1:44  Command Center  
  20  1:54  Factory  
  20  1:58  SCV  
  21  2:04  Barracks Reactor  
  21  2:10  SCV  
  21  2:15  Supply Depot  
  22  2:23  SCV  
  22  2:24  Refinery  
  23  2:36  SCV  
  24  2:38  Hellion  
  24  2:42  Starport  
  24  2:43  Marine x2  
  27  2:48  SCV  
  27  3:00  SCV  
  27  3:01  Marine x2  
  30  3:12  SCV  
  30  3:14  Orbital Command  
  30  3:15  Widow Mine  
  32  3:21  Marine, Starport Tech Lab  
  32  3:22  Marine  
  32  3:25  SCV  
  35  3:35  Bunker  
  35  3:37  SCV  
  35  3:39  Factory Tech Lab  
  36  3:41  SCV  
  36  3:46  Raven  
  36  3:48  Marine  
  40  3:51  Marine  
  40  3:53  SCV  
  40  3:55  SCV  
  41  4:01  Cyclone  
  44  4:06  SCV  
  44  4:07  SCV  
  45  4:11  Supply Depot  
  46  4:21  SCV x2  
  46  4:33  Command Center, SCV x2  
  48  4:45  SCV x2  
  53  4:49  Stimpack  
  53  4:51  Barracks  
  54  5:00  Barracks  
  54  5:01  SCV  
  54  5:03  Supply Depot  
  54  5:04  Starport Reactor, SCV  
  54  5:05  Starport Tech Lab  
  52  5:08  Engineering Bay  
  52  5:13  SCV  
  53  5:15  Supply Depot  
  53  5:16  SCV  
  53  5:19  Engineering Bay  
  54  5:24  Marine  
  54  5:25  SCV  
  54  5:28  SCV, Siege Tank  
  60  5:37  Missile Turret, SCV  
  60  5:39  Terran Infantry Weapons Level 1  
  60  5:40  Starport Reactor, SCV  
  60  5:42  Refinery  
  62  5:43  Marine x3, Refinery  
  62  5:49  Orbital Command  
  65  5:50  SCV  
  65  5:53  SCV  
  67  6:07  Barracks  
  67  6:10  Barracks  
  67  6:11  Combat Shield  
  67  6:13  Marauder x2, Factory Reactor  
  67  6:14  Marine, Terran Infantry Armor Level 1  
  67  6:15  Marine  
  73  6:23  Supply Depot  
  73  6:24  Starport Reactor  
  73  6:32  Marine x2, Supply Depot  
  73  6:34  Marauder x2  
  80  6:42  Supply Depot  
  81  6:47  Supply Depot  
  81  6:50  Concussive Shells, Marine x2, Widow Mine  
  81  6:51  Widow Mine  
  85  6:55  Marauder x3  
  85  6:56  Orbital Command  
  85  6:59  Medivac  
  85  7:00  Medivac  
  95  7:04  Marine  
  95  7:05  Marine  
  97  7:10  Marine x2, Supply Depot  
  97  7:13  Widow Mine  
  97  7:14  Widow Mine  
  103  7:16  Marauder  
  103  7:17  Marauder x2  
  109  7:23  Marine x2  
  109  7:28  Marine x2  
  109  7:29  Medivac  
  64  7:30  Medivac  
  117  7:38  Marauder x3, Widow Mine  
  117  7:42  Supply Depot  
  125  7:50  Widow Mine  
  116  7:59  Marauder  
  116  8:01  Marine x3, Marauder  
  116  8:02  Marine  
  116  8:04  Widow Mine  

Tags
 
Add a new tag
Caveats
  • Supply blocks, unpowered buildings, or Contaminate may cause inaccurate times.
  • Supply counts are checked every 10 seconds.